 Dungeon Crawl Stone Soup version 0.31-a0-771-g505c3d19dc (webtiles) character file.

Game seed: 2713187464983754947

227 Newt the Shooter (level 6, -2/40 HPs)
             Began as a Kobold Hunter on Sept 16, 2023.
             Slain by a bullfrog (4 damage)
             ... in a sewer.
             The game lasted 00:02:59 (2013 turns).

Newt the Shooter (Kobold Hunter)                    Turns: 2013, Time: 00:02:59

Health: -2/40      AC:  4    Str:  8    XL:     6   Next: 22%
Magic:  0/6        EV: 14    Int: 11    God:
Gold:   30         SH:  0    Dex: 20    Spells: 5/5 levels left

rFire   . . .        a - +0 shortbow
rCold   . . .        (shield currently unavailable)
rNeg    . . .        c - +0 leather armour
rPois   .            (no helmet)
rElec   .            d - +0 cloak
rCorr   .            (no gloves)
SInv    .            (no boots)
Will    .....        h - amulet of guardian spirit
Stlth   ++           (no ring)
HPRegen 0.26/turn    (no ring)
MPRegen 0.10/turn

%: guardian spirit
@: mighty, very slow
A: small, no large weapons, nightstalker 3
a: no special abilities


You were in a sewer.
You visited 1 branch of the dungeon, and saw 3 of its levels.
You also visited: Sewer.

You collected 30 gold pieces.

Inventory:

Hand Weapons
 a - a +0 shortbow (weapon)
Armour
 c - a +0 leather armour (worn)
 d - a +0 cloak (worn)
Jewellery
 h - an amulet of guardian spirit (around neck)
Scrolls
 b - a scroll of butterflies
 i - a scroll of amnesia
 j - a scroll of fear
 o - 3 scrolls of teleportation
 p - a scroll of identify
Potions
 e - a potion of resistance
 f - a potion of mutation
 g - a potion of enlightenment
 l - a potion of might
 m - a potion of brilliance {unknown}
 q - a potion of heal wounds {unknown}
 r - a potion of magic {unknown}


   Skills:
 - Level 5.0 Fighting
 + Level 7.5 Ranged Weapons
 - Level 2.4 Dodging
 - Level 1.3 Stealth


You had 5 spell levels left.
You didn't know any spells.
Your spell library was empty.

Dungeon Overview and Level Annotations

Branches:
Dungeon (3/15)              Sewer (1/1)

Altars:


Innate Abilities, Weirdness & Mutations

You are small and have problems with some larger weapons.
You are completely attuned to the shadows.


Message History

You shoot an arrow. The arrow closely misses the bullfrog.
The bullfrog gives a loud, deep croak! x2
The bullfrog hits you.
* * * LOW HITPOINT WARNING * * *
You shoot an arrow. The arrow hits the bullfrog!
Your attack snaps the bullfrog out of its fear.
The bullfrog is moderately wounded.
The bullfrog hits you but does no damage. x2
The bullfrog barely misses you.
The bullfrog hits you but does no damage.
You shoot an arrow. The arrow hits the bullfrog.
The bullfrog is heavily wounded.
The bullfrog hits you but does no damage. x2
You shoot an arrow. The arrow misses the bullfrog.
You feel less wooden.
Your +0 cloak unmelds from your body.
Your +0 leather armour unmelds from your body.
The bullfrog closely misses you. The bullfrog barely misses you. x2
The bullfrog hits you.
* * * LOW HITPOINT WARNING * * *
You shoot an arrow. The arrow hits the bullfrog.
The bullfrog is heavily wounded.
The bullfrog misses you. The bullfrog barely misses you.
Unknown command.
You shoot an arrow. The arrow hits the bullfrog.
The bullfrog is heavily wounded.
The bullfrog hits you but does no damage.
The bullfrog closely misses you. x2
The bullfrog hits you but does no damage.
Unknown command.
The bullfrog attacks as it pursues you! The bullfrog misses you.
The bullfrog hits you.
* * * LOW HITPOINT WARNING * * *
The bullfrog hits you.
* * * LOW HITPOINT WARNING * * *
Unknown command.
You shoot an arrow.
The arrow hits the bullfrog but does no damage.
The bullfrog hits you.
You die...

####################
###..~~≈≈≈≈≈≈≈F≈≈≈~≈..
##...~≈≈~~~≈~..F#≈≈≈~..
#.....≈≈~~~~≈≈≈#@~≈≈~..
#.....~~~~~~≈≈≈~~~~~≈..
#.....≈≈~≈~≈≈≈≈≈≈~~~~..
.†....~≈≈≈≈≈≈≈≈≈≈≈≈~~#.
..†.##################
...#### ...#..# ...'..#
..#####


You could see 2 bullfrogs.

Vanquished Creatures
  A jelly (D:2)
  8 adders
  4 river rats
  2 dart slugs (D:2)
  7 bats
  5 endoplasms
  5 giant cockroaches
  7 goblins
  9 hobgoblins
  7 kobolds
  3 quokkas
  11 ball pythons
  4 frilled lizards
  23 rats
96 creatures vanquished.

Notes
Turn   | Place    | Note
-------+----------+-------------------------------------------
     0 | D:1      | Newt the Kobold Hunter began the quest for the Orb.
     0 | D:1      | Reached XP level 1. HP: 12/12 MP: 1/1
   258 | D:1      | Reached XP level 2. HP: 18/18 MP: 2/2
   375 | D:1      | Reached XP level 3. HP: 23/23 MP: 3/3
   997 | D:2      | Reached XP level 4. HP: 29/30 MP: 4/4
  1189 | D:2      | Reached skill level 5 in Fighting
  1359 | D:2      | Reached XP level 5. HP: 35/35 MP: 5/5
  1439 | D:2      | Reached skill level 6 in Ranged Weapons
  1489 | D:2      | Found a faded altar of an unknown god.
  1761 | D:3      | Found a glowing drain.
  1766 | Sewer    | Entered a sewer
  1896 | Sewer    | Reached skill level 7 in Ranged Weapons
  1931 | Sewer    | Reached XP level 6. HP: 40/40 MP: 6/6
  2012 | Sewer    | HP: 2/40 [bullfrog (4)]
  2013 | Sewer    | Slain by a bullfrog

Illustrated notes

Levels and vault maps discovered:
D:1:      dpeg_cavernosity, layout_loops_corners, minmay_strange_pillars
D:2:      layout_rooms, hellmonk_ecumenical_altar_prayer_group, st_stairs_9,
          bh_walls_and_bars
D:3:      corexii_shack_village, layout_loops_ring, gup_sewer_entry_bowl
Sewer:    sewer_minmay_w

Skill      XL: |  1  2  3  4  5 |
---------------+----------------+-----
Fighting       | 3 4 5 |  5.0
Ranged Weapons | 7 |  7.5
Dodging        | |  2.4
Stealth        | |  1.3

Action                     |  1- 3 |  4- 6 || total
---------------------------+-------+-------++-------
   Fire: Shortbow          |    89 |   150 ||   239
    Use: Scroll            |       |     6 ||     6
         Potion            |       |     6 ||     6
 Armour: Leather armour    |    24 |    56 ||    80
         Skin              |       |    47 ||    47
  Dodge: Dodged            |    36 |    79 ||   115

Table legend: (Time is in decaauts)
 A = Elapsed time spent in this place.
 B = Non-inter-level travel time spent in this place.
 C = Inter-level travel time spent in this place.
 D = Time resting spent in this place.
 E = Time spent auto-exploring this place.
 F = Levels seen in this place.
 G = Mean time per level.
                   A        B        C        D        E       F      G
               +--------+--------+--------+--------+--------+-----+--------+
         Total |   2087 |   2068 |     19 |     75 |   1518 |   4 |  521.8 |
       Dungeon |   1799 |   1780 |     19 |     75 |   1355 |   3 |  599.7 |
         Sewer |    287 |    287 |      0 |      0 |    163 |   1 |  287.0 |
               +--------+--------+--------+--------+--------+-----+--------+

Top non-repeatable levels by time:
     D:1: 975 daAuts
     D:2: 737 daAuts
   Sewer: 287 daAuts
     D:3: 87 daAuts
